 Dungeon Crawl Stone Soup version 0.21.1-1-g345015f (webtiles) character file.

97 garbagetei the Skirmisher (level 4, 0/29 HPs)
             Began as a Gargoyle Fighter on Feb 23, 2018.
             Slain by an orc
             ... wielding a +0 mace
              (3 damage)
             ... on level 3 of the Dungeon.
             The game lasted 00:02:13 (1607 turns).

garbagetei the Skirmisher (Gargoyle Fighter)        Turns: 1607, Time: 00:02:14

Health: 0/29       AC: 16    Str: 21    XL:     4   Next: 68%
Magic:  4/4        EV:  4    Int:  8    God:
Gold:   38         SH:  9    Dex:  9    Spells: 3/3 levels left

rFire    . . .     SeeInvis .   a - +0 flail
rCold    . . .     Gourm    .   c - +0 shield
rNeg     + . .     Faith    .   j - +0 plate armour
rPois    ∞         Spirit   .   (no helmet)
rElec    +         Reflect  .   l - +0 cloak
rCorr    .         Harm     .   (no gloves)
MR       .....                  (no boots)
Stlth    ..........             (no amulet)
HPRegen  0.09/turn              (no ring)
MPRegen  0.09/turn              (no ring)

@: no status effects
A: negative energy resistance 1, electricity resistance, unbreathing,
petrification resistance, rot immunity, AC +3
a: no special abilities


You were on level 3 of the Dungeon.
You were hungry.

You visited 1 branch of the dungeon, and saw 3 of its levels.

You collected 38 gold pieces.

Inventory:

Hand Weapons
 a - a +0 flail (weapon)
 p - a +0 hunting sling
Missiles
 q - 50 stones (quivered)
Armour
 b - a +0 scale mail
 c - a +0 shield (worn)
 j - a +0 plate armour (worn)
 l - a +0 cloak (worn)
Scrolls
 e - a scroll of fear {unknown}
 h - 2 scrolls of teleportation {unknown}
 k - a scroll of blinking {unknown}
 m - 2 scrolls of remove curse {unknown}
Potions
 d - a potion of might
 g - 2 potions of degeneration {unknown}
 i - 2 potions of curing {unknown}
 n - a potion of lignification {unknown}
Comestibles
 f - 2 rations


   Skills:
 * Level 4.2 Fighting
 * Level 2.9 Maces & Flails
 - Level 0.1 Slings
 + Level 3.6 Armour
 * Level 4.1 Shields


You had 3 spell levels left.
You didn't know any spells.

Dungeon Overview and Level Annotations

Branches:
Dungeon (3/15)

Altars:
Trog


Innate Abilities, Weirdness & Mutations

You are resistant to torment.
Your stone body is resilient. (AC +3)
You are immune to poison.
You resist negative energy. (rN+)
You are resistant to electric shocks. (rElec)
You can survive without breathing.
You are immune to petrification.
You are immune to rotting.


Message History

You barely miss the rat. The rat bites you but does no damage.
You hit the rat.
You kill the rat!
The adder bites you but does no damage.
An orc and an orc priest come into view.
You closely miss the adder.
The orc shouts!
The orc priest shouts!
The orc priest invokes the aid of Beogh against you.
Beogh smites you! The adder bites you but does no damage.
The adder bites you but does no damage. x2
There is a stone staircase leading up here.
You closely miss the orc. The adder bites you but does no damage.
The orc hits you but does no damage.
The orc priest invokes the aid of Beogh against you.
Beogh smites you!
* * * LOW HITPOINT WARNING * * *
The adder bites you.
* * * LOW HITPOINT WARNING * * *
The orc hits you with a mace.
You die...

. ..
#########...
#...........
$..#...@o.o....
......()S......
...#.......o...
##.............
#.............
#.....#.......
###.?. .##....
..(. .. ....
..... .# ##.


You could see an orc priest, an adder and 2 orcs.

Vanquished Creatures
  4 adders (D:2)
  An ooze (D:1)
  2 dart slugs
  A leopard gecko (D:1)
  3 bats (D:2)
  4 giant cockroaches
  3 goblins (D:2)
  6 hobgoblins
  8 jackals (D:1)
  2 quokkas (D:2)
  A ball python (D:2)
  4 frilled lizards
  4 kobolds
  7 rats
50 creatures vanquished.

Notes
Turn   | Place    | Note
-------+----------+-------------------------------------------
     0 | D:1      | garbagetei the Gargoyle Fighter began the quest for the Orb.
     0 | D:1      | Reached XP level 1. HP: 14/14 MP: 1/1
    59 | D:1      | Reached XP level 2. HP: 15/19 MP: 2/2
   300 | D:1      | Reached XP level 3. HP: 24/24 MP: 3/3
  1156 | D:2      | Reached XP level 4. HP: 29/29 MP: 4/4
  1164 | D:2      | Found a bloodstained altar of Trog.
  1607 | D:3      | Slain by an orc

Skill      XL: |  1  2  3 |
---------------+----------+-----
Shields        | 4 |  4.1
Fighting       | 4 |  4.2
Maces & Flails | |  2.9
Slings         | |  0.1
Armour         | |  3.6

Action                   |  1- 3 |  4- 6 || total
-------------------------+-------+-------++-------
Melee: Flail             |   164 |    56 ||   220
  Eat: Chunk             |     1 |     1 ||     2
Armor: Scale mail        |    54 |       ||    54
       Plate armour      |    75 |    42 ||   117
Dodge: Dodged            |    46 |    10 ||    56
Block: Shield            |   107 |    30 ||   137
